 Dungeon Crawl Stone Soup version 0.22.1-1-ga44c0e5 (webtiles) character file.

1481 Anon1729 the Chopper (level 8, -1/111 HPs)
             Began as a Naga Gladiator on Sept 26, 2018.
             Was a Follower of Uskayaw.
             Killed from afar by a gargoyle (26 damage)
             ... with a stone arrow
             ... on level 7 of the Dungeon on Sept 27, 2018.
             The game lasted 00:18:23 (7533 turns).

Anon1729 the Chopper (Naga Gladiator)               Turns: 7533, Time: 00:18:24

Health: -1/111     AC:  5    Str: 22    XL:     8   Next: 79%
Magic:  11/11      EV: 10    Int: 11    God:    Uskayaw [*.....]
Gold:   422        SH:  0    Dex: 12    Spells: 7/7 levels left

rFire    . . .     SeeInvis +   a - +0 war axe
rCold    . . .     Gourm    .   (no shield)
rNeg     + . .     Faith    .   b - +0 leather armour
rPois    +         Spirit   .   c - +0 helmet
rElec    .         Reflect  .   (no cloak)
rCorr    .         Harm     .   (no gloves)
MR       +....                  (no barding)
Stlth    ..........             j - amulet of rage
HPRegen  0.28/turn              g - ring of positive energy
MPRegen  0.12/turn              (no ring)

@: berserking, quick
A: large, see invisible, deformed body, poison resistance, slowness 2, slow
metabolism 1, spit poison 1, AC +2
a: Spit Poison, Stomp, Renounce Religion, Evoke Berserk Rage


You were on level 7 of the Dungeon.
You worshipped Uskayaw.
Uskayaw was noncommittal.
You were not hungry.

You visited 1 branch of the dungeon, and saw 7 of its levels.

You collected 422 gold pieces.

Inventory:

Hand Weapons
 a - a +0 war axe (weapon)
Missiles
 d - 2 throwing nets
 s - 4 tomahawks (quivered)
Armour
 b - a +0 leather armour (worn)
 c - a +0 helmet (worn)
Magical Staves
 t - an uncursed staff of poison {unknown}
 v - an uncursed staff of poison {unknown}
Jewellery
 g - a ring of positive energy (left hand)
 j - an amulet of rage (around neck)
Wands
 p - a wand of random effects (16)
Scrolls
 h - a scroll of amnesia {unknown}
 i - 3 scrolls of identify
 k - 3 scrolls of remove curse {unknown}
 m - 7 scrolls of teleportation
 n - a scroll of immolation {unknown}
 o - 2 scrolls of magic mapping {unknown}
 q - a scroll of enchant armour {unknown}
 r - a scroll of fear {unknown}
 u - a scroll of fog {unknown}
Potions
 e - a potion of berserk rage
 l - a potion of lignification
 w - a potion of resistance {unknown}
 x - a potion of haste {unknown}
Comestibles
 f - 11 rations


   Skills:
 + Level 5.1 Fighting
 * Level 7.1 Axes
 - Level 2.0 Throwing
 + Level 3.6 Armour
 - Level 3.0 Dodging
 + Level 4.6 Invocations


You had 7 spell levels left.
You didn't know any spells.
Your spell library was empty.

Dungeon Overview and Level Annotations

Branches:
Dungeon (7/15)             Temple (0/1) D:5

Altars:
Elyvilon
Makhleb
Nemelex Xobeh
Sif Muna
Uskayaw
The Shining One

Shops:
D:6 (

Annotations:
D:2 1 runed door
D:4 Sigmund
D:5 2 runed doors, HerrDoktor's ghost, amateur DrFE


Innate Abilities, Weirdness & Mutations

You cannot wear boots.
Your serpentine skin is tough. (AC +2)
You have supernaturally acute eyesight. (SInv)
Armour fits poorly on your strangely shaped body.
Your system is resistant to poisons. (rPois)
You cover ground very slowly.
You have a slow metabolism.
You can spit poison.


Message History

Okay, then.
Okay, then.
Okay, then.
You eat one of the 12 rations.
That ration really hit the spot!
The gargoyle hurls a stone arrow at you.
The stone arrow hits you!
A red film seems to cover your vision as you go berserk!
You feel yourself moving faster!
You feel mighty!
You feel a lot more hungry. The gargoyle barely misses you.
You slash the gargoyle!
The gargoyle is heavily damaged.
You barely miss the gargoyle.
The gargoyle is heavily damaged.
The gargoyle hits you with a mace!!
* * * LOW HITPOINT WARNING * * *
You hit the gargoyle but do no damage.
The gargoyle is heavily damaged.
The gargoyle hurls a stone arrow at you.
The stone arrow hits you!
You die...

#.# ###########
#.####.........###
#.##...#######...# #.##.### ##
###.## #.#..# ##+.+## #..#
#.#.###+.....+###.#
####.#.#8#.......# #.#
#....#.##'.......+##.#
#.#....##@...8....##.#
#.#....##9.......+ #.#
#####.#....#?#.......# #.#
#..........###+.....+###.#
#.#.........# ##...## #..#
#.#.#.##..#.###8...8###.######
#.#.#.........##...##...#.....
#.#.###.#####.........###.####
..#.# #.................#<..#


You could see a gargoyle (invisible).

Vanquished Creatures
  Grinder (D:4)
  Eustachio (D:5)
  2 bullfrogs (D:6)
  5 killer bees (D:5)
  A howler monkey (D:5)
  2 crimson imps (D:5)
  A hound (D:5)
  A centaur skeleton (D:6)
  3 orc priests
  9 orc wizards
  Natasha (thrice) (D:4)
  A hound skeleton (D:4)
  A worker ant zombie (D:6)
  A gnoll (D:3)
  5 adders
  A shadow imp (D:6)
  A dart slug (D:3)
  2 leopard geckos
  22 orcs
  A giant cockroach (D:2)
  10 goblins
  8 hobgoblins
  22 jackals
  9 kobolds
  3 quokkas
  3 ball pythons
  8 bats
  5 frilled lizards
  A giant cockroach zombie (D:6)
  A quokka skeleton (D:4)
  6 rats
  3 fungi (D:1)
143 creatures vanquished.

Notes
Turn   | Place    | Note
-------+----------+-------------------------------------------
     0 | D:1      | Anon1729 the Naga Gladiator began the quest for the Orb.
     0 | D:1      | Reached XP level 1. HP: 19/19 MP: 1/1
   481 | D:1      | Reached XP level 2. HP: 21/26 MP: 2/2
  1214 | D:2      | Reached XP level 3. HP: 30/33 MP: 3/3
  1260 | D:2      | Found a burning altar of Makhleb.
  1260 | D:2      | Noticed a blizzard demon
  1272 | D:2      | Noticed a smoke demon
  1272 | D:2      | Noticed a ynoxinul
  1454 | D:2      | Found a hide-covered altar of Uskayaw.
  1548 | D:2      | Became a worshipper of Uskayaw the Reveler
  1689 | D:2      | Reached * piety under Uskayaw
  1731 | D:2      | Reached XP level 4. HP: 38/40 MP: 4/4
  1736 | D:2      | Reached ** piety under Uskayaw
  1836 | D:2      | Reached skill level 1 in Armour
  2031 | D:2      | Found a runed door.
  2122 | D:2      | Noticed an ice beast
  2526 | D:3      | Reached skill level 1 in Invocations
  2526 | D:3      | Reached XP level 5. HP: 39/48 MP: 5/5
  2526 | D:3      | Reached *** piety under Uskayaw
  2706 | D:3      | Reached skill level 4 in Axes
  3345 | D:4      | Noticed Grinder
  3365 | D:4      | Paralysed by Grinder for 2 turns
  3368 | D:4      | Killed Grinder
  3368 | D:4      | Reached XP level 6. HP: 12/56 MP: 1/7
  3371 | D:4      | Noticed Natasha
  3739 | D:4      | Killed Natasha
  3763 | D:4      | Reached skill level 5 in Axes
  3949 | D:4      | Reached XP level 7. HP: 32/63 MP: 8/8
  4420 | D:4      | Noticed Natasha
  4428 | D:4      | Killed Natasha
  4965 | D:4      | Noticed Natasha
  4975 | D:4      | Killed Natasha
  5138 | D:4      | Noticed Sigmund
  5296 | D:5      | Entered Level 5 of the Dungeon
  5800 | D:5      | Found a staircase to the Ecumenical Temple.
  5951 | D:5      | Noticed Eustachio
  5954 | D:5      | Reached skill level 6 in Axes
  5954 | D:5      | Reached XP level 8. HP: 73/73 MP: 10/10
  5959 | D:5      | Reached **** piety under Uskayaw
  5973 | D:5      | HP: 2/109 [white imp/puff of frost[Eustachio] (5)]
  5996 | D:5      | Killed Eustachio
  6303 | D:5      | Found a glowing golden altar of the Shining One.
  6409 | D:5      | Found a large runed door.
  6409 | D:5      | Found a large runed door.
  6411 | D:5      | Noticed HerrDoktor's ghost (amateur DrFE)
  6571 | D:5      | Reached skill level 5 in Fighting
  6702 | D:6      | Reached skill level 7 in Axes
  7009 | D:6      | Found Onitix's Weapon Shop.
  7244 | D:6      | Found a deep blue altar of Sif Muna.
  7269 | D:6      | Found a sparkling altar of Nemelex Xobeh.
  7338 | D:6      | Found a white marble altar of Elyvilon.
  7527 | D:7      | Noticed a gargoyle
  7533 | D:7      | Killed from afar by a gargoyle

Skill      XL: |  1  2  3  4  5  6  7  8 |
---------------+-------------------------+-----
Throwing       | 2 |  2.0
Armour         | 1 2 3 |  3.6
Invocations    | 1 2 3 4 |  4.6
Fighting       | 3 4 5 |  5.1
Axes           | 4 5 6 7 |  7.1
Dodging        | 3 |  3.0

Action                   |  1- 3 |  4- 6 |  7- 9 || total
-------------------------+-------+-------+-------++-------
Melee: War axe           |   124 |   168 |   176 ||   468
Throw: Throwing net      |       |       |     1 ||     1
       Tomahawk          |       |       |     5 ||     5
Invok: Stomp             |       |     3 |     7 ||    10
 Abil: Spit Poison       |     6 |     4 |     6 ||    16
       Evoke Berserk Rag |       |       |     1 ||     1
Evoke: Wand              |       |     2 |     4 ||     6
  Use: Scroll            |       |     1 |     1 ||     2
       Potion            |       |       |     6 ||     6
 Stab: Paralysed         |       |     2 |     3 ||     5
       Sleeping          |       |     1 |       ||     1
  Eat: Chunk             |     2 |     7 |     5 ||    14
       Ration            |       |       |     2 ||     2
Armor: Leather armour    |    42 |    72 |    59 ||   173
       Skin              |       |       |    16 ||    16
Dodge: Dodged            |    93 |   127 |   111 ||   331
